AoeStats
← EMPEROR98265292

Fortress

508014381Analyzed
2v2 RM · 12d ago on Sep 20, 2026· 38m 49s· 4 players
Game mode
Random Map
Map size
Normal (6 player)
Population
200
Speed
Normal
Resources
Standard
Victory
Conquest
Starting age
Dark Age
Ending age
Imperial Age
RankedLock teamsTeams togetherTeam positionsShared explorationLock speedFull tech treeHidden civsTurbo modeCheats
Victory
Defeat
🇵🇪 Shu · Peru
1549
+15
🇦🇷 Georgians · Argentina
1545
+14
🇮🇳 Maya · India
1537
-15
🇮🇳 Jurchens · India
1509
-14
EMPEROR98265292
8:17 Feudal Age
9:45 Double-Bit Axe
12:06 Castle Age
13:58 Bow Saw
14:48 Wheelbarrow
21:44 Loom
25:32 Imperial Age
23:50 Scale Barding Armor
23:55 Forging
24:47 Gold Mining
24:47 Stone Mining
25:42 Chain Barding Armor
25:58 Iron Casting
25:35 Bloodlines
25:26 Husbandry
25:50 Horse Collar
26:11 Elite Iron Pagoda
27:26 Fortified Wall
29:49 Plate Barding Armor
30:16 Blast Furnace
29:38 Caravan
29:10 Pikeman
29:51 Squires
30:14 Masonry
30:16 Scale Mail Armor
30:06 Halberdier
30:56 Elite Fire Lancer
33:10 Fortified Bastions
34:16 Chain Mail Armor
35:12 Two-Man Saw
35:58 Chemistry
23
6:43 Feudal Age
10:35 Castle Age
8:38 Double-Bit Axe
8:57 Horse Collar
11:42 Heavy Plow
12:12 Bow Saw
20:40 Fletching
21:59 Wheelbarrow
22:04 Gold Mining
22:06 Stone Mining
25:45 Imperial Age
23:22 Bodkin Arrow
23:49 Ballistics
23:59 Padded Archer Armor
24:15 Thumb Ring
24:01 Loom
24:59 Leather Archer Armor
25:03 Fortified Wall
25:10 Town Watch
26:26 Bracer
27:31 Chemistry
26:52 Elite Plumed Archer
28:01 Conscription
29:39 Ring Archer Armor
29:46 Hand Cart
29:56 Hul'che Javelineers
30:21 Masonry
33:08 Architecture
32:31 Elite Skirmisher
34:55 Hul'che Javelineers
35:54 Scale Mail Armor
36:04 Forging
35:55 Squires
35:16 Eagle Warrior
36:28 Holcans
36:06 Capped Ram
37:54 Chain Mail Armor
38:14 Iron Casting
37:01 Elite Eagle Warrior
Pukaso
6:48 Feudal Age
7:17 Double-Bit Axe
7:17 Horse Collar
8:07 Loom
13:13 Castle Age
12:22 Fletching
14:27 Bow Saw
14:59 Gold Mining
15:44 Heavy Plow
18:14 Wheelbarrow
23:10 Imperial Age
21:20 Ballistics
20:36 Crossbowman
21:43 Thumb Ring
21:46 Bodkin Arrow
22:21 Padded Archer Armor
23:29 Hand Cart
23:11 Arbalester
24:03 Bracer
26:07 Bolt Magazine
27:29 Chemistry
27:21 Leather Archer Armor
27:33 Town Watch
30:02 Ring Archer Armor
30:05 Siege Engineers
33:02 Masonry
33:33 Conscription
37:07 Forging
36:57 Scale Mail Armor
Konigs
7:52 Feudal Age
11:23 Castle Age
9:39 Double-Bit Axe
10:14 Horse Collar
17:30 Wheelbarrow
18:31 Bow Saw
19:58 Heavy Plow
20:35 Town Watch
21:28 Hand Cart
21:35 Gold Mining
21:57 Loom
25:00 Imperial Age
23:06 Scale Barding Armor
23:12 Forging
23:01 Stone Mining
24:03 Husbandry
24:14 Bloodlines
24:40 Chain Barding Armor
26:07 Conscription
26:25 Plate Barding Armor
26:27 Iron Casting
26:41 Elite Monaspa
29:52 Siege Engineers
29:17 Pikeman
29:58 Squires
31:11 Blast Furnace
30:11 Scale Mail Armor
31:33 Chemistry
30:36 Halberdier
32:14 Masonry
32:29 Arson
33:00 Chain Mail Armor
33:37 Aznauri Cavalry
33:36 Capped Ram
35:22 Hoardings
34:45 Siege Ram
37:28 Svan Towers
37:13 Fletching
37:19 Guard Tower
37:50 Ballistics
38:05 Padded Archer Armor
38:01 Bodkin Arrow
39:24 Bracer
Connection lost

Rejoining the realm…

Still unreachable

The connection could not be restored.

Session expired

The server has moved on; the page needs a fresh start.